 Dungeon Crawl Stone Soup version 0.19-a0-1079-g88a7474 (console) character file.

3563 flowsnake the Fighter (level 10, -3/94 HPs)
             Began as a Hill Orc Fighter on Aug 6, 2016.
             Slain by Prince Ribbit (10 damage)
             ... on level 8 of the Dungeon.
             The game lasted 00:27:41 (8149 turns).

flowsnake the Fighter (Hill Orc Fighter)            Turns: 8149, Time: 00:27:41

Health: -3/94      AC: 12    Str: 23    XL:     10   Next: 9%
Magic:  10/10      EV:  7    Int:  6    God:
Gold:   229        SH: 11    Dex: 10    Spells: 0 memorised, 9 levels left

rFire  . . .     SeeInvis +     b - +7 whip {flame, rPois rN+ Int-2 Stlth+}
rCold  . . .     Gourm    .     t - +1 scale mail
rNeg   + . .     Faith    .     c - +0 shield
rPois  +         Spirit   .     r - +0 helmet
rElec  .         Dismiss  .     h - +0 cloak
rCorr  .         Reflect  +     (no gloves)
SustAt .         Harm     .     (no boots)
MR     .....                    y - +2 amulet of reflection
Stlth  +.........               K - ring of see invisible (curse)
                                n - ring of wizardry

@:
A: no striking features
a: no special abilities


You were on level 8 of the Dungeon.
You were hungry.

You visited 2 branches of the dungeon, and saw 9 of its levels.

You collected 229 gold pieces.

Inventory:

Hand Weapons
 a - a +1 war axe
 b - the +7 whip "Worm" (weapon) {flame, rPois rN+ Int-2 Stlth+}
   (You found it on level 6 of the Dungeon)

   It has been specially enchanted to burn those struck by it, causing extra
   injury to most foes and up to half again as much damage against particularly
   susceptible opponents.
   It affects your intelligence (-2).
   It protects you from poison.
   It protects you from negative energy.
   It makes you more stealthy.
 D - a +2 whip of freezing
 E - a +1 glaive of venom
 H - a +1 flail of protection
 I - a +0 dire flail
Missiles
 p - 4 tomahawks of returning (quivered)
Armour
 c - a +0 shield (worn)
 h - a +0 cloak (worn)
 r - a +0 helmet (worn)
 t - a +1 scale mail (worn)
 G - the +5 leather armour of the Thinker {rPois MR+++ Int-4 Slay+3}
   (You found it on level 6 of the Dungeon)

   It affects your intelligence (-4).
   It affects your accuracy and damage with ranged weapons and melee attacks
   (+3).
   It protects you from poison.
   It affects your resistance to hostile enchantments.
Jewellery
 l - an uncursed amulet of dismissal
 n - a ring of wizardry (left hand)
 y - a +2 amulet of reflection (around neck)
 K - a cursed ring of see invisible (right hand)
Wands
 q - a wand of flame (29/48)
 s - a wand of random effects (31/48)
Scrolls
 m - 7 scrolls of teleportation
 u - 5 scrolls of remove curse
 x - 2 scrolls of enchant armour
Potions
 d - a potion of might
 e - 2 potions of lignification
 g - 4 potions of invisibility
 i - 3 potions of brilliance
 k - 3 potions of curing
 o - 4 potions of ambrosia
 v - a potion of cancellation {unknown}
 w - 2 potions of haste
 A - a potion of cure mutation {unknown}
 F - a potion of heal wounds {unknown}
 M - a potion of flight {unknown}
Comestibles
 f - 11 bread rations
 j - 8 slices of pizza
 z - a fruit
 B - 6 beef jerkies
 C - 3 meat rations
 L - a royal jelly


   Skills:
 + Level 10.6 Fighting
 + Level 10.2 Axes
 + Level 9.7 Armour
 - Level 3.6 Shields


You had 9 spell levels left.
You didn't know any spells.

Dungeon Overview and Level Annotations

Branches:
Dungeon (8/15)             Temple (1/1) D:7
   Lair: D:8-11

Altars:
Ashenzari
Cheibriados
Elyvilon
Gozag
Kikubaaqudgha
Makhleb
Nemelex Xobeh
Okawaru
Pakellas
Ru
Sif Muna
Trog
Vehumet
Xom
Zin
The Shining One

Annotations:
D:8 Prince Ribbit


Message History

The bat is severely wounded.
The bat barely misses you.
You whack the bat! You burn the bat.
You kill the bat!
The bat hits you but does no damage. You block the bat's attack.
You closely miss Prince Ribbit.
Prince Ribbit is heavily wounded.
You block the bat's attack. The bat hits you but does no damage.
You block Prince Ribbit's attack. The bat hits you but does no damage.
You closely miss Prince Ribbit.
Prince Ribbit is heavily wounded.
The bat barely misses you. Prince Ribbit barely misses you.
You closely miss Prince Ribbit.
Prince Ribbit is heavily wounded.
The bat hits you but does no damage. Prince Ribbit hits you!
* * * LOW HITPOINT WARNING * * *
You block Prince Ribbit's attack.
You completely miss Prince Ribbit.
Prince Ribbit is heavily wounded.
You block the bat's attack. Prince Ribbit hits you!
You die... █ █· ·███··███████████████ ··P···rrboF·········█ ··b···█████████████·█ P···· █·█ rr·P

█·█ P·· █·█
·· █·█ ·
█·█ █·█
████████·█
█········█
█·████████
█·█ █·█ █·█
·████████·█


You could see Prince Ribbit, 2 bats and 2 rats.

Vanquished Creatures
  Pikel (D:6)
  Grinder (D:5)
  Sigmund (D:2)
  A yak (D:8)
  A human (D:7)
  A steam dragon (D:7)
  The ghost of Multipenetrator the Digger, an amateur FoEE (D:7)
  Duvessa (D:5)
  Purgy (D:3)
  A slave (D:6)
  3 orc warriors
  2 ice beasts
  An ogre (D:5)
  A centaur (D:5)
  A giant frog (D:7)
  A big kobold (D:7)
  Dowan (D:5)
  A scorpion (D:6)
  3 killer bees (D:6)
  A giant frog zombie (D:7)
  3 crimson imps
  A centaur zombie (D:5)
  5 hounds
  An orc priest (D:6)
  A jelly (D:5)
  5 orc wizards
  An iguana (D:4)
  Ijyb (D:2)
  4 worker ants
  4 sheep (D:7)
  A howler monkey skeleton (D:5)
  A worker ant zombie (D:3)
  Robin (D:2)
  3 gnolls (D:7)
  11 adders
  A shadow imp (D:6)
  An ooze (D:1)
  An adder skeleton (D:5)
  3 worms
  A dart slug (D:1)
  3 giant geckos
  22 orcs
  7 giant cockroaches
  19 goblins
  17 hobgoblins
  10 jackals
  20 kobolds
  5 quokkas
  10 bats
  10 giant newts
  12 rats
210 creatures vanquished.

Vanquished Creatures (others)
  A hydra (D:2)
  A scorpion (D:6)
  A jelly (D:6)
  3 orcs (D:6)
  A kobold (D:7)
7 creatures vanquished.

Grand Total: 217 creatures vanquished

Notes
Turn   | Place    | Note
-------+----------+-------------------------------------------
     0 | D:1      | flowsnake the Hill Orc Fighter began the quest for the Orb.
     0 | D:1      | Reached XP level 1. HP: 19/19 MP: 1/1
    43 | D:1      | Reached XP level 2. HP: 22/27 MP: 2/2
   705 | D:1      | Reached XP level 3. HP: 33/33 MP: 3/3
  1334 | D:2      | Reached XP level 4. HP: 29/41 MP: 4/4
  1370 | D:2      | Found an oddly glowing altar of Pakellas.
  1370 | D:2      | Noticed a six-headed hydra
  1377 | D:2      | Killed a six-headed hydra
  1531 | D:2      | Noticed Robin
  1546 | D:2      | Killed Robin
  2013 | D:2      | Noticed Ijyb
  2015 | D:2      | Noticed Sigmund
  2026 | D:2      | Killed Ijyb
  2026 | D:2      | Reached skill level 5 in Fighting
  2026 | D:2      | Reached XP level 5. HP: 40/48 MP: 5/5
  2045 | D:2      | Killed Sigmund
  2045 | D:2      | Reached skill level 5 in Armour
  2045 | D:2      | Reached XP level 6. HP: 41/56 MP: 6/6
  2508 | D:3      | Reached skill level 5 in Axes
  2864 | D:4      | Noticed Purgy
  2879 | D:3      | Killed Purgy
  2879 | D:3      | Reached XP level 7. HP: 47/62 MP: 7/7
  3085 | D:4      | Found a shattered altar of Ashenzari.
  3454 | D:5      | Entered Level 5 of the Dungeon
  3974 | D:5      | Reached XP level 8. HP: 55/71 MP: 8/8
  3978 | D:5      | Noticed Duvessa
  3984 | D:5      | Noticed Dowan
  3996 | D:5      | Killed Duvessa
  4030 | D:5      | Killed Dowan
  4349 | D:5      | Noticed Grinder
  4357 | D:5      | Paralysed by Grinder for 7 turns
  4371 | D:5      | Killed Grinder
  5318 | D:6      | Reached XP level 9. HP: 58/82 MP: 9/9
  5628 | D:6      | Noticed Pikel
  5655 | D:6      | Killed Pikel
  6006 | D:6      | Got an ichor-stained leather armour
  6175 | D:6      | Reached skill level 10 in Axes
  6470 | D:6      | Got a crystal whip
  6471 | D:6      | Identified the +7 whip "Worm" {flame, rPois rN+ Int-2 Stlth+} (You found it on level 6 of the Dungeon)
  6523 | D:6      | Identified the +5 leather armour of the Thinker {rPois MR+++ Int-4 Slay+3} (You found it on level 6 of the Dungeon)
  6565 | D:6      | Found a white marble altar of Elyvilon.
  6980 | D:7      | Found a staircase to the Ecumenical Temple.
  7017 | Temple   | Entered the Ecumenical Temple
  7397 | D:7      | Reached skill level 10 in Fighting
  7577 | D:7      | Noticed Multipenetrator's ghost (amateur FoEE)
  7607 | D:7      | Killed Multipenetrator's ghost
  7821 | D:7      | Reached XP level 10. HP: 60/93 MP: 10/10
  7859 | D:7      | Found an opulent altar of Gozag.
  8109 | D:8      | Noticed Prince Ribbit
  8149 | D:8      | Slain by Prince Ribbit

Vault maps used:
D:1:      mrwooster_arrival_arrow, minmay_pentomino_v2
D:2:      minmay_kobold_bridge, gammafunk_pakellas_cloud_experiment, uniq_robin,
          uniq_sigmund, uniq_iyjb
D:4:      minmay_misc_feat_five, cheibrodos_ashenzari_chains, uniq_purgy
D:5:      first_bread, corexii_shack, uniq_grinder, uniq_duvessa
D:6:      basic_altar, minmay_misc_feat_room, uniq_pikel
D:7:      corexii_shantytown, kennysheep_little_box, grunt_livestock
D:8:      eat_drink_and_be_merry_uskayaw, nicolae_overflow_hidden_temple,
          grunt_lair_entry_orc_guard_hut, kennysheep_path_1, uniq_grum,
          uniq_prince_ribbit1, uniq_erica, uniq_joseph
Temple:   eino_temple_water

Skill      XL: |  1  2  3  4  5  6  7  8  9 |
---------------+----------------------------+-----
Fighting       | 4 5 6 8 10 | 10.6
Axes           | 3 4 5 7 9 10 | 10.2
Armour         | 4 5 6 7 9 |  9.7
Shields        | |  3.6

Action                   |  1- 3 |  4- 6 |  7- 9 | 10-12 || total
-------------------------+-------+-------+-------+-------++-------
Melee: War axe           |   129 |   148 |   242 |       ||   519
       Flail             |       |       |   152 |       ||   152
       Whip              |       |       |   141 |    52 ||   193
  Use: Scroll            |     5 |     3 |     9 |       ||    17
       Potion            |       |     2 |     3 |       ||     5
  Eat: Chunk             |     2 |     5 |    13 |     1 ||    21
       Fruit             |       |       |     2 |       ||     2
       Pizza             |       |       |     1 |       ||     1
Armor: Scale mail        |    80 |    81 |   237 |    17 ||   415
Dodge: Dodged            |    39 |    58 |   129 |    13 ||   239
Block: Shield            |    71 |    75 |   304 |    30 ||   480
       Reflection        |       |       |     8 |     1 ||     9
